 Dungeon Crawl Stone Soup version 0.29.0-4-gdea44cf6ec (webtiles) character file.

Game seed: 3947966026577115479

51 qw the Chopper (level 3, 0/21 HPs)
             Began as a Tengu Warper on Aug 28, 2022.
             Slain by Sigmund
             ... wielding a +0 scythe
              (11 damage)
             ... on level 2 of the Dungeon.
             The game lasted 00:00:05 (1378 turns).

qw the Chopper (Tengu Warper)                       Turns: 1378, Time: 00:00:06

Health: 0/21       AC:  3    Str: 13    XL:     3   Next: 83%
Magic:  7/7        EV: 12    Int: 13    God:
Gold:   64         SH:  0    Dex: 13    Spells: 6/6 levels left

rFire   . . .      SeeInvis .   Y - +0 hand axe
rCold   . . .      Faith    .   (no shield)
rNeg    . . .      Spirit   .   b - +0 leather armour
rPois   .          Reflect  .   (helmet restricted)
rElec   .          Harm     .   (no cloak)
rCorr   .          Rampage  .   (no gloves)
Will    .....                   (boots unavailable)
Stlth   +.........              (no amulet)
HPRegen 0.07/turn               (no ring)
MPRegen 0.10/turn               (no ring)

@: no status effects
A: beak, talons 3
a: no special abilities


You were on level 2 of the Dungeon.
You visited 1 branch of the dungeon, and saw 2 of its levels.

You collected 64 gold pieces.


Innate Abilities, Weirdness & Mutations

You have a beak for a mouth.
You have claws for feet.


   Skills:
 - Level 2.0 Fighting
 + Level 4.4 Axes
 - Level 1.0 Throwing
 - Level 1.1 Armour
 - Level 2.1 Dodging
 - Level 2.0 Spellcasting
 - Level 2.4 Translocations


You had 6 spell levels left.
You didn't know any spells.
Your spell library contained the following spells:

 Spells                   Type           Power      Damage    Failure   Level
 Blink                    Tloc           14%        N/A       19%         2
 Gell's Gravitas          Tloc           7%         N/A       36%         3
 Lesser Beckoning         Tloc           7%         N/A       36%         3
 Teleport Other           Tloc           7%         N/A       36%         3
 Manifold Assault         Tloc           7%         N/A       98%         5

Inventory:

Hand Weapons
 d - a +0 whip
 Y - a +0 hand axe (weapon)
Missiles
 f - 6 boomerangs (quivered)
Armour
 b - a +0 leather armour (worn)
 g - a +0 cloak
Scrolls
 a - a scroll of identify
 c - a scroll of enchant armour {unknown}
 i - 2 scrolls of teleportation
Potions
 e - 2 potions of haste {unknown}
 h - 2 potions of heal wounds
 j - a potion of might

Dungeon Overview and Level Annotations

Branches:
Dungeon (2/15)

Altars:

Annotations:
D:2 Jessica, Sigmund


Message History

You hit the dart slug but do no damage. You completely miss the dart slug.
You claw the dart slug.
The dart slug is lightly wounded.
The dart slug closely misses you.
You hit the dart slug.
You peck the dart slug, but do no damage.
The dart slug is moderately wounded.
The dart slug bites you.
You hit the dart slug.
The dart slug is almost dead.
The dart slug bites you but does no damage.
You hit the dart slug.
You kill the dart slug!
You start resting.
HP restored.
You see here a dart slug corpse.
h - 2 potions of heal wounds (gained 1)
Found 3 stones.
Enter note:
Found an escape hatch in the floor.
g - a +0 cloak Sigmund the Dreaded comes into view.
He is wielding a +0 scythe.
Sigmund shouts!
You hear a shout!
Jessica the Apprentice Sorceress comes into view.
She is wielding a +0 dagger.
Sigmund points at you and mumbles some strange words.
The puff of flame misses you.
Sigmund hits you from afar with a +0 scythe.
Found a stone staircase leading down.
You see here 3 stones.
You slash Sigmund! Your punch misses Sigmund.
Sigmund is moderately wounded.
You barely miss Jessica. Sigmund hits you with a +0 scythe!
Jessica closely misses you.
You hit Sigmund. Your punch misses Sigmund.
Sigmund is moderately wounded.
You closely miss Jessica.
Jessica gestures wildly while chanting.
Jessica blinks!
Sigmund hits you with a +0 scythe!
Ouch! That really hurt!
You die...

#...#.##
#...#.#
#.....#
#....#####
#........#
#........#
#........#
#......@.#
##.@.....#
#?ยค@....#
#......>#
........#
.##......#
>.
....####
## ###.#
.#


You could see Sigmund and Jessica.

Vanquished Creatures
  Natasha (D:2)
  3 dart slugs
  3 bats (D:1)
  An endoplasm (D:1)
  4 kobolds (D:1)
  A quokka (D:1)
  A ball python (D:1)
  4 frilled lizards
  2 goblins
  3 rats
23 creatures vanquished.

Notes
Turn   | Place    | Note
-------+----------+-------------------------------------------
     0 | D:1      | qw the Tengu Warper began the quest for the Orb.
     0 | D:1      | Reached XP level 1. HP: 12/12 MP: 4/4
     0 | D:1      | 0 ||| qw: Version: 0.1-a-89-g26bdef1
     0 | D:1      | 0 ||| qw: Game counter: 1064
     0 | D:1      | 0 ||| qw: Always use a shield: true
     0 | D:1      | 0 ||| qw: God list: Okawaru
     0 | D:1      | 0 ||| qw: Allow faded altars: false
     0 | D:1      | 0 ||| qw: Do Orc after D:15 true
     0 | D:1      | 0 ||| qw: Do second Lair branch before Depths: true
     0 | D:1      | 0 ||| qw: Lair rune preference: random
     0 | D:1      | 0 ||| qw: Plans: Normal
     0 | D:1      | 0 ||| PLANNING D:1-11
   286 | D:1      | Found a faded altar of an unknown god.
   427 | D:1      | 427 ||| Stepping ~*~*~tactically~*~*~ (hiding).
   537 | D:1      | Reached skill level 3 in Axes
   537 | D:1      | Reached XP level 2. HP: 15/17 MP: 6/6
   771 | D:1      | 771 ||| Stepping ~*~*~tactically~*~*~ (hiding).
   932 | D:1      | 932 ||| Stepping ~*~*~tactically~*~*~ (stealth).
   933 | D:1      | 933 ||| Stepping ~*~*~tactically~*~*~ (stealth).
  1058 | D:1      | 1058 ||| READING 3 scrolls labelled QUFRUEFFOIB.
  1059 | D:1      | 1059 ||| READING scroll labelled TYEQAU NUZET.
  1060 | D:1      | 1060 ||| READING 3 scrolls labelled PIROR XOTI.
  1065 | D:1      | 1065 ||| DRINKING 2 viscous red potions.
  1066 | D:1      | 1066 ||| READING 2 scrolls of identify.
  1066 | D:1      | 1066 ||| IDENTIFYING bubbling red potion
  1067 | D:1      | 1067 ||| DROPPING scroll of blinking.
  1084 | D:2      | Noticed Natasha
  1088 | D:2      | Noticed a crimson imp
  1094 | D:2      | Killed Natasha
  1095 | D:2      | Reached skill level 4 in Axes
  1095 | D:2      | Reached XP level 3. HP: 10/21 MP: 7/7
  1316 | D:2      | 1316 ||| Stepping ~*~*~tactically~*~*~ (stealth).
  1372 | D:2      | Noticed Sigmund
  1373 | D:2      | Noticed Jessica
  1378 | D:2      | Slain by Sigmund

Levels and vault maps discovered:
D:1:      elethiomel_arrival_quiet, layout_rooms,
          dilly_ecumenical_altar_fadedgnrine, nicolae_hexahallways
D:2:      layout_basic, minmay_unequal, uniq_natasha, uniq_jessica, uniq_sigmund

Skill      XL: |  1  2 |
---------------+-------+-----
Axes           | 3 4 |  4.4
Fighting       | |  2.0
Throwing       | |  1.0
Armour         | |  1.1
Dodging        | |  2.1
Spellcasting   | |  2.0
Translocations | |  2.4

Action                   || total
-------------------------++-------
Melee: Hand axe          ||    36
       Peck              ||     6
       Kick              ||     8
Throw: Boomerang         ||    23
  Use: Scroll            ||     4
       Potion            ||     1
Armor: Leather armour    ||     8
Dodge: Dodged            ||    15

Table legend:
 A = Non-vault XP
 B = Vault XP
 C = Vault XP percentage of total XP
 D = Non-vault monster count
 E = Vault monster count
 F = Vault count percentage of total count
                 A         B        C        D         E       F
            +---------+---------+-------+---------+---------+-------
      Total |      36 |      38 |  51.4 |      20 |       3 |  13.0
            +---------+---------+-------+---------+---------+-------
        D:1 |      30 |       0 |   0.0 |      17 |       0 |   0.0
        D:2 |       6 |      38 |  86.4 |       3 |       3 |  50.0
            +---------+---------+-------+---------+---------+-------
